 Dungeon Crawl Stone Soup version 0.20.1-1-g8b1a95d (webtiles) character file.

795 Blomdor the Chopper (level 7, 0/53 HPs)
             Began as a Barachi Conjurer on Sept 17, 2017.
             Succumbed to a worker ant's poison
             ... on level 5 of the Dungeon.
             The game lasted 00:13:54 (6803 turns).

Blomdor the Chopper (Barachi Conjurer)              Turns: 6803, Time: 00:13:55

Health: 0/53       AC:  9    Str: 11    XL:     7   Next: 89%
Magic:  5/10       EV: 12    Int: 16    God:
Gold:   220        SH:  0    Dex: 12    Spells: 7/10 levels left

rFire    . . .     SeeInvis .   t - +3 flail (protect)
rCold    . . .     Gourm    .   (no shield)
rNeg     . . .     Faith    .   a - +0 robe
rPois    .         Spirit   +   (no helmet)
rElec    .         Reflect  .   (no cloak)
rCorr    .         Harm     .   (no gloves)
MR       .....                  (no boots)
Stlth    ++........             l - amulet of guardian spirit
Regen    0.2/turn               (no ring)
MPRegen  0.2/turn               (no ring)

@: lethally poisoned (0 -> -1), protection aura, can't hop, slow
A: +LOS, swims, slowness 1, strong legs 1
a: Hop


You were on level 5 of the Dungeon.
You were hungry.

You visited 1 branch of the dungeon, and saw 5 of its levels.

You collected 220 gold pieces.

Inventory:

Hand Weapons
 f - a +0 hand axe
 j - a +0 blowgun
 t - a +3 flail of protection (weapon)
Missiles
 m - a throwing net (quivered)
Armour
 a - a +0 robe (worn)
 w - a +0 chain mail
Jewellery
 l - an amulet of guardian spirit (around neck)
Scrolls
 d - a scroll of fog
 h - a scroll of blinking
 k - a scroll of enchant armour
Potions
 e - a potion of flight
Books
 b - a book of Conjurations

   Spells                             Type                      Level
   a - Magic Dart                     Conjuration                  1
   b - Searing Ray                    Conjuration                  2
   c - Dazzling Spray                 Conjuration/Hexes            3
   d - Fulminant Prism                Conjuration/Hexes            4
   e - Force Lance                    Conjuration/Translocation    4
   f - Iskenderun's Mystic Blast      Conjuration                  4
Comestibles
 c - 5 bread rations
 g - 2 royal jellies
 i - 2 chunks of flesh
 o - 2 meat rations
 u - 2 fruits


   Skills:
 + Level 3.6 Fighting
 * Level 7.9 Axes
 + Level 2.8 Armour
 - Level 2.1 Dodging
 - Level 1.7 Stealth
 - Level 2.1 Spellcasting
 - Level 4.3 Conjurations


You had 7 spell levels left.
You knew the following spells:

 Your Spells              Type           Power        Failure   Level  Hunger
a - Magic Dart            Conj           ###.         3%          1    #......
b - Searing Ray           Conj           ###...       4%          2    ###....


Dungeon Overview and Level Annotations

Branches:
Dungeon (5/15)
 Temple: D:4-7

Altars:
Gozag
Kikubaaqudgha
Sif Muna
Trog
Yredelemnul


Innate Abilities, Weirdness & Mutations

Shadows flee at your approach. (+LOS)
You can swim through water.
You cover ground slowly.
You can hop short distances.


Message History

You barely miss the ice beast.
The ice beast is severely wounded.
The ice beast misses you.
You closely miss the ice beast.
The ice beast is severely wounded.
The ice beast hits you but does no damage.
Unknown command.
Okay, then.
Okay, then.
Put on which piece of jewellery? (? for menu, Esc to quit)
Okay, then.
Okay, then.
Put on which piece of jewellery? (? for menu, Esc to quit)
Okay, then.
Search for what [Enter for "scale", or ? for help]? cur Unknown command.
Hop to where?
Press: ? - help, Dir - move target cursor Boing!
You die...

####
#..########
#.........#
#.........#
#.........#
#<........#
#Y†..@....#
#.§...>...#
#......####
####...#
#...# >...#
...?#
.....#
##...#


You could see an ice beast.

Vanquished Creatures
  The ghost of Kaziem the Digger, an amateur DrEE (D:4)
  Blork the orc (D:4)
  3 orc priests (D:4)
  An orc wizard (D:5)
  4 worker ants
  A hound skeleton (D:4)
  10 gnolls
  6 adders
  3 worms
  2 dart slugs
  5 leopard geckos
  12 orcs
  5 ball pythons
  11 bats
  4 giant cockroaches
  29 goblins
  23 hobgoblins
  6 jackals (D:3)
  4 kobolds
  2 quokkas
  5 frilled lizards
  3 rats (D:1)
141 creatures vanquished.

Notes
Turn   | Place    | Note
-------+----------+-------------------------------------------
     0 | D:1      | Blomdor the Barachi Conjurer began the quest for the Orb.
     0 | D:1      | Reached XP level 1. HP: 13/13 MP: 3/3
    53 | D:1      | Reached skill level 1 in Fighting
   599 | D:1      | Reached XP level 2. HP: 7/22 MP: 1/5
   840 | D:1      | Reached skill level 1 in Axes
   863 | D:1      | Reached skill level 2 in Axes
   931 | D:1      | Reached XP level 3. HP: 21/27 MP: 6/6
  1922 | D:2      | Reached skill level 3 in Axes
  1981 | D:2      | Reached XP level 4. HP: 24/33 MP: 1/7
  2490 | D:3      | Found a bloodstained altar of Trog.
  2490 | D:3      | Found an ancient bone altar of Kikubaaqudgha.
  2491 | D:3      | Found a deep blue altar of Sif Muna.
  2606 | D:3      | Found an opulent altar of Gozag.
  2951 | D:3      | Reached skill level 4 in Axes
  3264 | D:3      | Found a basalt altar of Yredelemnul.
  3346 | D:3      | Reached XP level 5. HP: 16/38 MP: 1/8
  3796 | D:4      | Noticed Kaziem's ghost (amateur DrEE)
  3899 | D:4      | Killed Kaziem's ghost
  3899 | D:4      | Reached skill level 6 in Axes
  3899 | D:4      | Reached XP level 6. HP: 37/44 MP: 6/9
  4009 | D:4      | Reached skill level 1 in Armour
  4021 | D:5      | Entered Level 5 of the Dungeon
  4551 | D:4      | Reached XP level 7. HP: 51/51 MP: 10/10
  4564 | D:4      | Reached skill level 7 in Axes
  4746 | D:4      | Noticed Blork the orc
  4842 | D:4      | Learned a level 2 spell: Searing Ray
  4892 | D:4      | Killed Blork the orc
  6796 | D:5      | HP: 2/53 [poisoned by a worker ant]
  6803 | D:5      | Succumbed to a worker ant's poison

Skill      XL: |  1  2  3  4  5  6  7 |
---------------+----------------------+-----
Fighting       | 1 2 3 |  3.6
Axes           | 2 3 4 6 7 |  7.9
Armour         | 1 2 |  2.8
Dodging        | |  2.1
Stealth        | |  1.7
Spellcasting   | |  2.1
Conjurations   | |  4.3

Action                   |  1- 3 |  4- 6 |  7- 9 || total
-------------------------+-------+-------+-------++-------
Melee: Unarmed           |    11 |       |       ||    11
       Hand axe          |    74 |   147 |       ||   221
       Flail             |       |    42 |   210 ||   252
 Cast: Magic Dart        |    41 |    30 |    11 ||    82
       Searing Ray       |       |       |     5 ||     5
 Abil: Hop               |     2 |     2 |     5 ||     9
  Use: Scroll            |     1 |     2 |     5 ||     8
       Potion            |       |     5 |     1 ||     6
 Stab: Sleeping          |     1 |     5 |       ||     6
  Eat: Chunk             |     4 |     8 |     8 ||    20
       Royal jelly       |       |     1 |       ||     1
Armor: Robe              |    26 |    31 |    64 ||   121
Dodge: Dodged            |    62 |   156 |   144 ||   362
